[ AOE2 MATCH · #507215193 ]
UnrankedBritons vs Berbers
Player's team · WIN
Rival team · LOSS
[ REPLAY ANALYSIS · EXTRACTED FROM THE RECORDED GAME ]
Feudal
11:24
Castle
20:30
Imperial
32:24
| APM avg | 65.1 |
| APM peak | 114 |
| eAPM avg | 39.1 |
| Villagers / military | 308 / 1644 |
Focus
⚔️ 44.5% · 🌾 55.5%
Scout Cavalry ×704 · Spearman ×668 · Longbowman ×127 · Knight ×90 · Trebuchet (Packed) ×16 · Militia ×10
Feudal
9:15
Castle
20:03
Imperial
33:51
| APM avg | 84.9 |
| APM peak | 126 |
| eAPM avg | 54.8 |
| Villagers / military | 435 / 1220 |
Focus
⚔️ 72.7% · 🌾 27.3%
Scout Cavalry ×614 · Skirmisher ×222 · Genitour ×178 · Knight ×153 · Camel Archer ×16 · Trebuchet (Packed) ×14
Match map
Initial resources + every placement click. Lines = walls · curves = elevation contours. ◆ gold · ⬟ stone · ● berries · ✦ relic · ◌ wall gap
Your base· ✓ Closed at 20:30 · 58t walls · no gate
stockfish's base· Open — opponent sealed themselves in
Smoothed initial terrain · ◌ = detected wall gap · hover for details
Inputs per minute
— dlms9 - - stockfish
Build order — dlms9
First 150 of 985 actions detected
| 0:00 | Queue | Villager (Male) |
| 0:00 | Queue | Villager (Male) |
| 0:01 | Build | House |
| 0:02 | Build | House |
| 0:10 | Queue | Villager (Male) |
| 0:10 | Queue | Villager (Male) |
| 0:10 | Queue | Villager (Male) |
| 1:17 | Queue | Villager (Male) |
| 1:17 | Queue | Villager (Male) |
| 1:55 | Queue | Villager (Male) |
| 1:56 | Queue | Villager (Male) |
| 1:59 | Build | Lumber Camp |
| 2:02 | Queue | Villager (Male) |
| 2:02 | Queue | Villager (Male) |
| 2:29 | Queue | Villager (Male) |
| 2:30 | Queue | Villager (Male) |
| 2:57 | Queue | Villager (Male) |
| 3:11 | Queue | Villager (Male) |
| 3:11 | Queue | Villager (Male) |
| 3:18 | Queue | Villager (Male) |
| 3:18 | Queue | Villager (Male) |
| 3:51 | Build | House |
| 3:53 | Queue | Villager (Male) |
| 3:53 | Queue | Villager (Male) |
| 4:13 | Queue | Villager (Male) |
| 4:25 | Build | House |
| 4:57 | Build | Barracks |
| 5:01 | Queue | Villager (Male) |
| 5:44 | Queue | Villager (Male) |
| 5:49 | Queue | Militia |
| 5:50 | Queue | Militia |
| 5:54 | Queue | Villager (Male) |
| 5:58 | Build | Mining Camp |
| 6:03 | Queue | Militia |
| 6:20 | Queue | Militia |
| 6:37 | Queue | Villager (Male) |
| 6:52 | Queue | Villager (Male) |
| 6:52 | Queue | Villager (Male) |
| 7:09 | Research | Loom |
| 7:10 | Build | House |
| 7:15 | Queue | Villager (Male) |
| 7:44 | Build | Mill |
| 7:52 | Queue | Villager (Male) |
| 7:56 | Queue | Villager (Male) |
| 8:27 | Queue | Villager (Male) |
| 8:44 | Build | Palisade Wall |
| 8:46 | Build | Palisade Wall |
| 8:48 | Build | Palisade Wall |
| 8:48 | Build | Palisade Wall |
| 9:07 | Research | Feudal Age |
| 9:29 | Build | Lumber Camp |
| 9:36 | Build | Palisade Wall |
| 9:42 | Build | Palisade Wall |
| 9:51 | Queue | Villager (Male) |
| 9:55 | Build | Palisade Wall |
| 10:08 | Build | Palisade Wall |
| 10:36 | Build | Palisade Wall |
| 11:01 | Queue | Villager (Male) |
| 11:24 | Age | Feudal Age |
| 11:27 | Research | Double-Bit Axe |
| 11:27 | Research | Double-Bit Axe |
| 11:31 | Build | House |
| 11:46 | Queue | Villager (Male) |
| 11:46 | Queue | Villager (Male) |
| 11:53 | Build | Farm |
| 11:53 | Build | Farm |
| 11:55 | Build | Farm |
| 11:56 | Build | Farm |
| 12:17 | Build | Farm |
| 12:19 | Build | Farm |
| 12:20 | Build | House |
| 12:29 | Build | Farm |
| 12:31 | Queue | Villager (Male) |
| 12:42 | Build | Archery Range |
| 12:59 | Research | Horse Collar |
| 13:10 | Queue | Villager (Male) |
| 13:11 | Queue | Villager (Male) |
| 13:13 | Build | Farm |
| 13:27 | Queue | Archer |
| 13:27 | Queue | Archer |
| 13:31 | Build | Farm |
| 13:34 | Queue | Villager (Male) |
| 13:46 | Build | Farm |
| 14:00 | Build | Farm |
| 14:02 | Queue | Villager (Male) |
| 14:03 | Queue | Villager (Male) |
| 14:11 | Build | Farm |
| 14:28 | Queue | Villager (Male) |
| 14:38 | Queue | Villager (Male) |
| 14:48 | Build | Stable |
| 14:53 | Queue | Villager (Male) |
| 15:06 | Build | Farm |
| 15:21 | Queue | Villager (Male) |
| 15:24 | Build | Farm |
| 15:30 | Queue | Scout Cavalry |
| 15:30 | Queue | Scout Cavalry |
| 15:35 | Queue | Villager (Male) |
| 15:42 | Build | Farm |
| 15:46 | Build | House |
| 15:53 | Build | Farm |
| 16:09 | Queue | Villager (Male) |
| 16:13 | Build | House |
| 16:24 | Build | Farm |
| 16:42 | Build | Farm |
| 16:56 | Build | Farm |
| 16:57 | Queue | Villager (Male) |
| 17:50 | Research | Castle Age |
| 18:42 | Queue | Scout Cavalry |
| 19:02 | Queue | Villager (Male) |
| 19:18 | Queue | Villager (Male) |
| 20:14 | Queue | Villager (Male) |
| 20:30 | Age | Castle Age |
| 20:32 | Build | Lumber Camp |
| 20:34 | Build | Blacksmith |
| 20:37 | Build | Town Center |
| 20:39 | Build | Town Center |
| 20:40 | Research | Bow Saw |
| 20:40 | Research | Heavy Plow |
| 20:48 | Queue | Villager (Male) |
| 20:51 | Build | Monastery |
| 20:55 | Research | Wheelbarrow |
| 20:57 | Research | Town Watch |
| 20:58 | Queue | Villager (Male) ×4 |
| 21:06 | Build | Siege Workshop |
| 21:07 | Queue | Villager (Male) |
| 21:15 | Queue | Skirmisher |
| 21:16 | Queue | Skirmisher |
| 21:16 | Queue | Skirmisher |
| 21:19 | Queue | Knight |
| 21:20 | Queue | Knight |
| 21:20 | Queue | Villager (Male) |
| 21:26 | Build | House |
| 21:36 | Queue | Villager (Male) ×2 |
| 21:38 | Queue | Villager (Male) |
| 21:59 | Queue | Villager (Male) ×5 |
| 22:08 | Queue | Villager (Male) ×3 |
| 22:11 | Queue | Scorpion |
| 22:11 | Queue | Scorpion |
| 22:16 | Build | Farm |
| 22:23 | Queue | Villager (Male) ×2 |
| 22:27 | Build | Farm |
| 22:31 | Build | Farm |
| 22:32 | Queue | Villager (Male) |
| 22:39 | Research | Gold Mining |
| 22:40 | Queue | Villager (Male) |
| 22:44 | Queue | Monk |
| 22:57 | Queue | Villager (Male) |
| 23:00 | Build | Farm |
| 23:03 | Research | Town Watch |
| 23:09 | Queue | Villager (Male) ×2 |
Build order — stockfish
First 150 of 1922 actions detected
| 0:00 | Queue | Villager (Male) |
| 0:00 | Queue | Villager (Male) |
| 0:00 | Queue | Villager (Male) |
| 0:01 | Build | House |
| 0:02 | Build | House |
| 0:04 | Queue | Villager (Male) |
| 0:05 | Queue | Villager (Male) |
| 1:23 | Queue | Villager (Male) |
| 1:23 | Queue | Villager (Male) |
| 1:53 | Build | Lumber Camp |
| 2:00 | Queue | Villager (Male) |
| 2:11 | Queue | Villager (Male) |
| 2:49 | Queue | Villager (Male) |
| 3:18 | Queue | Villager (Male) |
| 3:35 | Queue | Villager (Male) |
| 3:49 | Build | House |
| 3:55 | Queue | Villager (Male) |
| 4:12 | Queue | Villager (Male) |
| 4:19 | Build | Mill |
| 4:31 | Queue | Villager (Male) |
| 4:50 | Queue | Villager (Male) |
| 4:59 | Queue | Villager (Male) |
| 5:36 | Queue | Villager (Male) |
| 5:48 | Queue | Villager (Male) |
| 6:09 | Build | Palisade Wall |
| 6:12 | Queue | Villager (Male) |
| 6:24 | Research | Loom |
| 6:53 | Research | Feudal Age |
| 7:24 | Build | Palisade Wall |
| 7:32 | Build | Barracks |
| 7:58 | Build | House |
| 8:41 | Build | Palisade Wall |
| 9:02 | Queue | Villager (Male) |
| 9:12 | Build | Palisade Wall |
| 9:15 | Age | Feudal Age |
| 9:15 | Queue | Villager (Male) |
| 9:19 | Build | Archery Range |
| 9:25 | Research | Double-Bit Axe |
| 9:29 | Queue | Spearman |
| 9:40 | Queue | Villager (Male) |
| 9:52 | Build | House |
| 9:57 | Build | House |
| 9:58 | Queue | Villager (Male) |
| 10:02 | Queue | Skirmisher |
| 10:06 | Build | Farm |
| 10:10 | Queue | Villager (Male) |
| 10:22 | Queue | Villager (Male) |
| 10:27 | Queue | Skirmisher |
| 10:29 | Queue | Villager (Male) |
| 10:31 | Build | Farm |
| 10:55 | Queue | Villager (Male) |
| 11:08 | Queue | Villager (Male) |
| 11:10 | Build | Farm |
| 11:12 | Research | Horse Collar |
| 11:22 | Queue | Villager (Male) |
| 11:23 | Build | Farm |
| 11:30 | Queue | Skirmisher |
| 11:45 | Queue | Villager (Male) |
| 11:49 | Queue | Villager (Male) |
| 11:51 | Build | Farm |
| 11:56 | Queue | Skirmisher |
| 12:17 | Build | Farm |
| 12:27 | Queue | Villager (Male) |
| 12:31 | Build | Farm |
| 12:33 | Build | Farm |
| 12:38 | Build | Farm |
| 12:45 | Build | Farm |
| 12:46 | Queue | Villager (Male) |
| 12:48 | Build | House |
| 13:05 | Queue | Skirmisher |
| 13:09 | Build | House |
| 13:13 | Build | House |
| 13:14 | Build | Palisade Wall |
| 13:16 | Queue | Villager (Male) |
| 13:20 | Build | Farm |
| 13:34 | Queue | Skirmisher |
| 13:38 | Queue | Skirmisher |
| 13:52 | Queue | Villager (Male) |
| 14:02 | Build | Mining Camp |
| 14:06 | Queue | Spearman |
| 14:17 | Queue | Villager (Male) |
| 14:20 | Queue | Skirmisher |
| 14:43 | Build | Blacksmith |
| 14:45 | Queue | Skirmisher |
| 15:11 | Queue | Villager (Male) |
| 15:19 | Build | Farm |
| 15:26 | Queue | Villager (Male) |
| 15:35 | Build | Archery Range |
| 15:46 | Build | Farm |
| 15:54 | Queue | Skirmisher |
| 16:07 | Queue | Villager (Male) |
| 16:17 | Queue | Villager (Male) |
| 16:21 | Build | Palisade Wall |
| 16:34 | Build | House |
| 16:36 | Build | Palisade Wall |
| 16:52 | Queue | Villager (Male) |
| 16:53 | Queue | Spearman |
| 17:12 | Build | Palisade Wall |
| 17:18 | Build | Palisade Wall |
| 17:20 | Research | Castle Age |
| 17:23 | Build | House |
| 17:25 | Build | House |
| 17:39 | Build | Lumber Camp |
| 17:53 | Build | Stable |
| 18:06 | Build | Palisade Wall |
| 18:33 | Research | Padded Archer Armor |
| 18:33 | Research | Fletching |
| 18:45 | Build | Palisade Wall |
| 18:50 | Build | Palisade Wall |
| 19:02 | Build | Farm |
| 19:21 | Queue | Skirmisher |
| 19:21 | Queue | Skirmisher |
| 19:22 | Queue | Skirmisher |
| 19:26 | Research | Bloodlines |
| 20:03 | Age | Castle Age |
| 20:04 | Queue | Knight |
| 20:05 | Queue | Knight |
| 20:06 | Queue | Villager (Male) |
| 20:07 | Queue | Villager (Male) |
| 20:11 | Queue | Genitour ×5 |
| 20:24 | Build | Town Center |
| 20:25 | Queue | Villager (Male) |
| 20:39 | Build | Town Center |
| 20:42 | Research | Padded Archer Armor |
| 20:47 | Queue | Villager (Male) |
| 21:06 | Queue | Knight |
| 21:14 | Research | Bodkin Arrow |
| 21:18 | Queue | Villager (Male) |
| 21:24 | Build | Farm |
| 21:26 | Build | Farm |
| 21:28 | Build | Farm |
| 21:32 | Build | Farm |
| 21:35 | Queue | Villager (Male) |
| 21:48 | Queue | Villager (Male) |
| 21:49 | Queue | Villager (Male) |
| 21:52 | Build | Farm |
| 22:01 | Queue | Villager (Male) |
| 22:18 | Queue | Villager (Male) |
| 22:20 | Build | Farm |
| 22:21 | Queue | Villager (Male) |
| 22:22 | Queue | Villager (Male) |
| 22:26 | Queue | Villager (Male) |
| 22:37 | Queue | Cavalry Archer |
| 22:38 | Queue | Villager (Male) |
| 22:50 | Queue | Cavalry Archer |
| 22:56 | Queue | Villager (Male) |
| 22:57 | Queue | Cavalry Archer |
| 23:01 | Queue | Camel Scout |
| 23:07 | Build | House |
| 23:08 | Queue | Villager (Male) |
Match timeline
| 4:57 | dlms9 · first_building Barracks |
| 6:09 | stockfish · wall_segment Palisade Wall x7 |
| 7:24 | stockfish · wall_segment Palisade Wall x5 |
| 7:32 | stockfish · first_building Barracks |
| 8:41 | stockfish · wall_segment Palisade Wall x6 |
| 8:44 | dlms9 · wall_segment Palisade Wall x2 |
| 8:46 | dlms9 · wall_segment Palisade Wall x6 |
| 8:48 | dlms9 · wall_segment Palisade Wall x11 |
| 8:48 | dlms9 · wall_segment Palisade Wall x1 |
| 9:12 | stockfish · wall_segment Palisade Wall x1 |
| 9:15 | stockfish · age_up feudal |
| 9:19 | stockfish · first_building Archery Range |
| 9:36 | dlms9 · wall_segment Palisade Wall x8 |
| 9:42 | dlms9 · wall_segment Palisade Wall x10 |
| 9:55 | dlms9 · wall_segment Palisade Wall x8 |
| 10:08 | dlms9 · wall_segment Palisade Wall x4 |
| 10:36 | dlms9 · wall_segment Palisade Wall x9 |
| 11:24 | dlms9 · age_up feudal |
| 12:42 | dlms9 · first_building Archery Range |
| 13:14 | stockfish · wall_segment Palisade Wall x1 |
| 14:48 | dlms9 · first_building Stable |
| 16:21 | stockfish · wall_segment Palisade Wall x1 |
| 16:36 | stockfish · wall_segment Palisade Wall x1 |
| 17:12 | stockfish · wall_segment Palisade Wall x7 |
| 17:18 | stockfish · wall_segment Palisade Wall x1 |
| 17:53 | stockfish · first_building Stable |
| 18:06 | stockfish · wall_segment Palisade Wall x1 |
| 18:45 | stockfish · wall_segment Palisade Wall x6 |
| 18:50 | stockfish · wall_segment Palisade Wall x1 |
| 20:03 | stockfish · age_up castle |
| 20:30 | dlms9 · age_up castle |
| 20:51 | dlms9 · first_building Monastery |
| 21:06 | dlms9 · first_building Siege Workshop |
| 26:37 | stockfish · first_building Monastery |
| 28:20 | stockfish · first_building Castle |
| 28:53 | dlms9 · first_building Castle |
| 30:14 | dlms9 · first_market_sell 100 wood |
| 30:39 | stockfish · first_market_buy 100 food |
| 32:23 | dlms9 · first_market_buy 100 wood |
| 32:24 | dlms9 · age_up imperial |
| 32:33 | stockfish · first_building Siege Workshop |
| 33:51 | stockfish · age_up imperial |
| 38:02 | stockfish · first_market_sell 100 food |
| 38:22 | stockfish · wall_segment Stone Wall x13 |
| 39:54 | stockfish · wall_segment Stone Wall x2 |
| 42:26 | stockfish · wall_segment Stone Wall x3 |
| 44:03 | stockfish · wall_segment Stone Wall x7 |
| 44:05 | stockfish · wall_segment Stone Wall x2 |
| 44:06 | stockfish · wall_segment Stone Wall x1 |
| 50:18 | stockfish · wall_segment Stone Wall x5 |
| 50:55 | stockfish · wall_segment Stone Wall x1 |
| 52:39 | stockfish · wall_segment Stone Wall x1 |
| 54:53 | stockfish · wall_segment Stone Wall x1 |
| 54:55 | stockfish · wall_segment Stone Wall x1 |
| 55:39 | stockfish · wall_segment Stone Wall x1 |
| 55:40 | stockfish · wall_segment Stone Wall x1 |
| 58:54 | stockfish · wall_segment Stone Wall x2 |
| 73:11 | dlms9 · wall_segment Palisade Wall x1 |
| 73:56 | dlms9 · wall_segment Stone Wall x1 |
| 73:58 | stockfish · wall_segment Palisade Wall x3 |
| 76:19 | stockfish · wall_segment Palisade Wall x2 |
| 76:22 | stockfish · wall_segment Palisade Wall x8 |
| 80:00 | stockfish · wall_segment Palisade Wall x1 |
| 86:39 | stockfish · resign |
[ AI ANALYSIS · 1 CREDIT ]
What really happened in this match?
Wolo.gg analyzes every decision: build order, eco, micro, common mistakes by bracket. Personalized analysis on WhatsApp or Discord in 30 seconds.
Civ guide
Britons
Perfil
Jugador #4437805